 Dungeon Crawl Stone Soup version 0.28.0 (webtiles) character file.

Game seed: 4213335157161058633

13725 lastplaneout the Tortoise (level 11, -1/106 HPs)
             Began as a Minotaur Fighter on Feb 6, 2022.
             Was the Champion of Elyvilon.
             Slain by an efreet (7 damage)
             ... on level 11 of the Dungeon.
             The game lasted 00:35:48 (17062 turns).

lastplaneout the Tortoise (Minotaur Fighter)       Turns: 17062, Time: 00:35:49

Health: -1/106     AC: 13    Str: 24    XL:     11   Next: 79%
Magic:  0/11       EV:  7    Int:  4    God:    Elyvilon [******]
Gold:   737        SH: 15    Dex: 11    Spells: 10/10 levels left

rFire   . . .      SeeInvis .   a - +0 war axe
rCold   . . .      Faith    .   S - +0 tower shield
rNeg    + . .      Spirit   +   b - +0 scale mail
rPois   +          Reflect  .   (helmet restricted)
rElec   .          Harm     .   l - +2 ratskin cloak {*Rats rPois rN+ Str-1 Int-1 Dex+1}
rCorr   .          Rampage  .   (no gloves)
Will    .....                   (no boots)
Stlth   ..........              k - amulet of guardian spirit
HPRegen 0.27/turn               (no ring)
MPRegen 0.12/turn               (no ring)

@: studying Armour
A: horns 2, retaliatory headbutt
a: Renounce Religion, Purification, Heal Other, Heal Self, Divine Vigour


You were on level 11 of the Dungeon.
You worshipped Elyvilon.
Elyvilon was exalted by your worship.
You visited 1 branch of the dungeon, and saw 11 of its levels.
You also visited: Sewer and Bailey.

You collected 737 gold pieces.

Inventory:

Hand Weapons
 a - a +0 war axe (weapon)
 u - a +1 dire flail of protection
 C - a +2 morningstar of distortion
 J - a +5 spear
 P - a +3 scimitar of flaming
Missiles
 N - a throwing net (quivered)
Armour
 b - a +0 scale mail (worn)
 l - the +2 ratskin cloak (worn) {*Rats rPois rN+ Str-1 Int-1 Dex+1}
   (You found it on level 2 of the Dungeon)

   When the wearer is hurt, rats may emerge from it to assist them.
   Str:       It affects your strength (-1).
   Int:       It affects your intelligence (-1).
   Dex:       It affects your dexterity (+1).
   rPois:     It protects you from poison.
   rN:        It protects you from negative energy.
 x - +0 steam dragon scales
 E - +0 acid dragon scales
 S - a +0 tower shield (worn)
Jewellery
 f - the ring of the Mage {Wiz Archmagi}
   (You found it in a bailey)

   [ring of wizardry]

   It improves your spell success rate.
   Archmagi:  It increases the power of your magical spells.
 h - a +6 ring of dexterity
 j - the amulet of the Air {Inacc Air Fly rElec RMsl}
   (You found it on level 2 of the Dungeon)

   [amulet of nothing]

   It reduces the accuracy of all your attacks.
   It enhances your air magic.
   rElec:     It insulates you from electricity.
   Fly:       It grants you flight.
   RMsl:      It protects you from missiles.
 k - an amulet of guardian spirit (around neck)
 n - an amulet of the acrobat
 t - an amulet of magic regeneration
 L - an amulet of regeneration
 Q - a ring of fire
Wands
 y - a wand of mindburst (14)
 D - a wand of flame (35)
 F - a wand of digging (1)
 G - a wand of polymorph (9)
Scrolls
 e - a scroll of fog
 s - 5 scrolls of enchant armour
 w - a scroll of fear
 B - 2 scrolls of immolation
 I - 2 scrolls of teleportation {unknown}
 K - a scroll of torment {unknown}
 M - 2 scrolls of vulnerability {unknown}
Potions
 d - 2 potions of might
 g - 4 potions of mutation
 i - 3 potions of curing
 o - 3 potions of lignification
 p - 2 potions of magic
 q - a potion of haste
 r - a potion of ambrosia
 v - a potion of invisibility {unknown}
 z - a potion of berserk rage
 O - a potion of cancellation {unknown}
 T - a potion of heal wounds


   Skills:
 + Level 12.8 Fighting
 - Level 12.0 Axes
 + Level 15.3 Armour
 + Level 9.9 Shields
 - Level 1.7 Invocations


You had 10 spell levels left.
You didn't know any spells.
Your spell library contained the following spells:

 Spells                   Type           Power      Damage    Failure   Level
 Magic Dart               Conj           0%         1d3       100%        1
 Shock                    Conj/Air       0%         1d3       100%        1
 Call Imp                 Summ           0%         N/A       100%        2
 Corpse Rot               Necr/Air       0%         N/A       100%        2
 Ensorcelled Hibernation  Hex/Ice        0%         N/A       100%        2
 Passwall                 Tmut/Erth      0%         N/A       100%        2
 Poisonous Vapours        Pois/Air       0%         N/A       100%        2
 Searing Ray              Conj           0%         2d4       100%        2
 Static Discharge         Conj/Air       0%         N/A       100%        2
 Dazzling Flash           Conj/Hex       0%         N/A       100%        3
 Mephitic Cloud           Conj/Pois/Air  0%         N/A       100%        3
 Stone Arrow              Conj/Erth      0%         3d7       100%        3
 Swiftness                Air            0%         N/A       100%        3
 Airstrike                Air            0%         N/A       100%        4
 Animate Armour           Summ/Erth      0%         N/A       100%        4
 Dispel Undead            Necr           0%         3d6       100%        4
 Fulminant Prism          Conj/Hex       0%         3d6       100%        4
 Iskenderun's Mystic Bla  Conj/Tloc      0%         2d3       100%        4
 Petrify                  Tmut/Erth      0%         N/A       100%        4
 Sticky Flame             Conj/Fire      0%         2d3       100%        4
 Metabolic Englaciation   Hex/Ice        0%         N/A       100%        5
 Death Channel            Necr           0%         N/A       100%        6
 Starburst                Conj/Fire      0%         6d3       100%        6
 Statue Form              Tmut/Erth      0%         N/A       100%        6
 Lehudib's Crystal Spear  Conj/Erth      0%         10d2      100%        8


Dungeon Overview and Level Annotations

Branches:
Dungeon (11/15)            Temple (0/1) D:4            Lair (0/6) D:10
  Sewer (visited)          Bailey (visited)
    Orc: D:9-12

Altars:
Elyvilon
Fedhas
Trog
Vehumet
Xom
Yredelemnul
The Shining One

Shops:
D:4 [   D:10 =

Portals:
Trove: D:10 (give 16 potions of curing)


Innate Abilities, Weirdness & Mutations

You have a pair of horns on your head.
You reflexively headbutt those who attack you in melee.


Message History

You kill the troll!
The troll leather armour is intact enough to wear.
You hit the efreet but do no damage. You headbutt the efreet.
The efreet is lightly wounded.
Your river rat completely misses the efreet.
The efreet gestures at you.
The fireball explodes!
The fireball engulfs you! The fireball engulfs your river rat!!
Your river rat dies!
The fireball engulfs the efreet.
The efreet completely resists.
The fireball engulfs your river rat!!
Your river rat dies!
You hear a shout!
You barely miss the efreet.
The efreet is lightly wounded.
The efreet gestures at you. The bolt of fire hits you!!
A river rat scurries out from under your cloak.
The efreet gestures at you. The bolt of fire hits you!!
* * * LOW HITPOINT WARNING * * *
A river rat scurries out from under your cloak.
You block the efreet's attack.
Your river rat bites the efreet but does no damage.
Your river rat bites the efreet but does no damage.
Your river rat bites the efreet but does no damage.
You fail to use your ability.
The efreet hits you but does no damage.
Your river rat bites the efreet but does no damage.
You barely miss the efreet.
The efreet is lightly wounded.
The efreet gestures at you. The bolt of fire hits you!!
* * * LOW HITPOINT WARNING * * *
Your river rat bites the efreet!
You slash the efreet!
The efreet is heavily wounded.
The efreet hits you with a +3 scimitar of flaming!!
Elyvilon protects you from harm! The efreet burns you!
You die...

#...# ...# ..# #.# ####
#######
#[####..######.....#
#.................#
+?.r..............#
#.................#
#...rR@...........#
#######...#####'#######
#...####..###...#
#................#
#................#
#......(.........'
#................#
+................#
..########..###


You could see an efreet (ally target) and 2 friendly river rats.

Vanquished Creatures
  Josephine (D:10)
  Erica (D:9)
  A two-headed ogre (D:10)
  Pikel (D:4)
  A gargoyle (D:10)
  Maurice (D:8)
  Psyche (D:9)
  Maggie (D:7)
  A komodo dragon (D:10)
  A hornet (D:9)
  4 trolls
  10 yaks
  5 wraiths (D:10)
  A wyvern (D:7)
  A steam dragon (D:5)
  2 acid dragons
  12 orc warriors
  A sky beast (D:6)
  An ogre (D:6)
  A necrophage (D:6)
  2 wolves (D:10)
  14 centaurs
  A lemure (D:3)
  Blork the orc (D:4)
  4 kobold brigands (Sewer)
  2 bullfrogs
  A wyvern zombie (D:5)
  A scorpion (D:5)
  14 wights
  10 killer bees
  3 electric eels (D:10)
  A howler monkey (D:9)
  5 jellies
  A centaur zombie (D:6)
  5 orc priests
  8 hounds
  A gnoll shaman (D:5)
  Jessica (D:3)
  Natasha (thrice) (D:3)
  5 iguanas
  6 orc wizards
  A hound skeleton (D:5)
  3 howler monkey zombies (D:9)
  11 gnolls
  A howler monkey skeleton (D:5)
  7 adders
  3 river rats (Sewer)
  A white imp (D:8)
  An adder skeleton (D:4)
  A worm (D:3)
  4 dart slugs
  50 orcs
  5 endoplasms
  3 giant cockroaches
  3 hobgoblins
  6 jackals
  A quokka (D:3)
  4 ball pythons
  7 bats
  6 frilled lizards
  9 goblins
  10 kobolds
  7 rats
281 creatures vanquished.

Vanquished Creatures (collateral kills)
  A shadow (D:11)
  A yak (D:10)
  An ice beast (D:5)
  A wight (D:7)
  A hound (D:4)
  A gnoll (D:5)
  A dart slug (D:4)
  2 orcs
9 creatures vanquished.

Vanquished Creatures (others)
  A centaur (Bailey)
  An orc (Bailey)
  18 plants
20 creatures vanquished.

Grand Total: 310 creatures vanquished

Notes
Turn   | Place    | Note
-------+----------+-------------------------------------------
     0 | D:1      | lastplaneout the Minotaur Fighter began the quest for the
                  | Orb.
     0 | D:1      | Reached XP level 1. HP: 19/19 MP: 0/0
    85 | D:1      | Found a faded altar of an unknown god.
    93 | D:1      | Prayed at the altar of an unknown god.
    93 | D:1      | Became a worshipper of Elyvilon the Healer
    93 | D:1      | Reached * piety under Elyvilon
   433 | D:1      | Reached XP level 2. HP: 25/26 MP: 1/1
   461 | D:1      | Reached ** piety under Elyvilon
  1010 | D:2      | Found the amulet of the Air {Inacc Air Fly rElec RMsl}
  1196 | D:2      | Reached XP level 3. HP: 31/31 MP: 2/2
  1405 | D:2      | Found the +2 ratskin cloak {*Rats rPois rN+ Str-1 Int-1
                  | Dex+1}
  1875 | D:3      | Reached *** piety under Elyvilon
  1980 | D:3      | Reached skill level 5 in Axes
  1983 | D:3      | Reached XP level 4. HP: 30/39 MP: 3/3
  2186 | D:3      | Noticed Natasha
  2192 | D:3      | Killed Natasha
  2319 | D:3      | Noticed Natasha
  2327 | D:3      | Killed Natasha
  2328 | D:3      | Reached XP level 5. HP: 37/45 MP: 4/4
  2345 | D:3      | Noticed Natasha
  2352 | D:3      | Killed Natasha
  2497 | D:3      | Found a radiant altar of Vehumet.
  2555 | D:3      | Noticed Jessica
  2563 | D:3      | Killed Jessica
  2936 | D:3      | Reached **** piety under Elyvilon
  3058 | D:4      | Noticed Pikel
  3058 | D:4      | Noticed a lemure
  3058 | D:4      | Noticed a lemure
  3058 | D:4      | Noticed a lemure
  3058 | D:4      | Noticed a lemure
  3064 | D:3      | Killed a lemure
  3103 | D:3      | Reached XP level 6. HP: 48/51 MP: 5/5
  3204 | D:4      | Killed Pikel
  3205 | D:4      | Reached skill level 10 in Axes
  3205 | D:4      | Reached XP level 7. HP: 21/57 MP: 3/6
  3684 | D:4      | Found Kighez's Antique Armour Shop.
  3698 | D:4      | Reached XP level 8. HP: 64/64 MP: 7/7
  3917 | D:4      | Noticed Blork the orc
  3922 | D:4      | Killed Blork the orc
  3988 | D:4      | Found a staircase to the Ecumenical Temple.
  4059 | D:5      | Entered Level 5 of the Dungeon
  4097 | D:5      | Found a glowing drain.
  4120 | Sewer    | Entered a sewer
  4184 | Sewer    | Reached skill level 4 in Armour
  4188 | Sewer    | Reached skill level 5 in Fighting
  4961 | D:5      | Reached ***** piety under Elyvilon
  4989 | D:5      | Reached skill level 5 in Armour
  5371 | D:5      | Reached XP level 9. HP: 61/75 MP: 6/8
  5536 | D:5      | Reached skill level 5 in Shields
  5990 | D:6      | Found a glowing golden altar of the Shining One.
  6064 | D:6      | Reached skill level 6 in Armour
  6611 | D:6      | Found a blossoming altar of Fedhas.
  6618 | D:6      | Found a shimmering altar of Xom.
  6619 | D:6      | Found a basalt altar of Yredelemnul.
  6622 | D:6      | Found a white marble altar of Elyvilon.
  6624 | D:6      | Found a bloodstained altar of Trog.
  6850 | D:6      | Reached skill level 7 in Armour
  7097 | D:7      | Reached skill level 1 in Invocations
  7311 | D:7      | Found a flagged portal.
  7333 | Bailey   | Entered a bailey
  7771 | Bailey   | Reached skill level 8 in Armour
  7858 | Bailey   | HP: 1/81 [orc warrior (5)]
  8618 | Bailey   | Reached XP level 10. HP: 61/90 MP: 5/9
  8653 | Bailey   | Found the ring of the Mage {Wiz Archmagi}
  9079 | Bailey   | HP: 4/90 [centaur (6)]
  9079 | Bailey   | Elyvilon protects you from harm!
  9080 | Bailey   | Elyvilon protects you from harm!
  9612 | Bailey   | HP: 3/90 [centaur/javelin (6)]
  9613 | Bailey   | Elyvilon protects you from harm!
  9631 | Bailey   | HP: 1/90 [centaur/javelin (6)]
 10270 | Bailey   | HP: 3/90 [orc warrior (9)]
 10477 | Bailey   | Reached skill level 9 in Armour
 11444 | D:7      | Noticed Maggie
 11460 | D:7      | Killed Maggie
 11461 | D:7      | Reached skill level 10 in Armour
 12425 | D:8      | Noticed Maurice
 12450 | D:8      | Killed Maurice
 12451 | D:8      | Reached skill level 11 in Armour
 12753 | D:8      | Reached skill level 10 in Fighting
 13069 | D:9      | Noticed Erica
 13082 | D:9      | Killed Erica
 13083 | D:9      | Reached skill level 12 in Armour
 13451 | D:9      | Noticed Psyche
 13468 | D:9      | Paralysed by a hornet for 1 turns
 13496 | D:9      | Killed Psyche
 13922 | D:9      | Reached XP level 11. HP: 97/101 MP: 11/11
 13927 | D:9      | Reached skill level 13 in Armour
 14487 | D:10     | Entered Level 10 of the Dungeon
 14543 | D:10     | Reached ****** piety under Elyvilon
 14738 | D:10     | Noticed Josephine
 14752 | D:10     | Killed Josephine
 14753 | D:10     | Reached skill level 14 in Armour
 14975 | D:10     | Found a portal to a secret trove of treasure.
 15079 | D:10     | Noticed a two-headed ogre
 15091 | D:10     | Killed a two-headed ogre
 16176 | D:10     | Found a staircase to the Lair.
 16470 | D:10     | Reached skill level 15 in Armour
 16769 | D:10     | Found Dagewio's One-of-a-Kind Rings.
 17062 | D:11     | Elyvilon protects you from harm!
 17062 | D:11     | Slain by an efreet

Illustrated notes

Levels and vault maps discovered:
D:1:      dpeg_arrival_tiny_a, layout_loops_corners,
          dreamdust_ecumenical_altar_statues, roderic_serpentine_path
D:2:      layout_basic
D:3:      layout_basic, lemuel_coloured_pillars_altar, nicolae_grassy_gnolls,
          uniq_natasha, uniq_jessica
D:4:      layout_rooms, minmay_temple_entry_waves, serial_shops, shop,
          kennysheep_nondescript, uniq_blork_the_orc, uniq_pikel
D:5:      layout_gridville, portal_sewer_entry_a
D:6:      layout_basic, minitemple, tso_oasis_becter
D:7:      layout_basic, enter_bailey_3, uniq_maggie
D:8:      layout_basic, uniq_maurice
D:9:      layout_roguey, uniq_erica, uniq_psyche
D:10:     layout_basic, erik_lair_island, enter_trove_2,
          nicolae_shop_unique_rings, kennysheep_big_empty_room, uniq_josephine
D:11:     layout_gridville, orc_0_dummy

Skill      XL: |  1  2  3  4  5  6  7  8  9 10 11 |
---------------+----------------------------------+-----
Axes           | 3 4 5 6 7 10 11 12 | 12.0
Fighting       | 6 8 10 12 | 12.8
Armour         | 5 8 12 15 | 15.3
Shields        | 4 6 8 9 |  9.9
Invocations    | 1 |  1.7

Action                   |  1- 3 |  4- 6 |  7- 9 | 10-12 || total
-------------------------+-------+-------+-------+-------++-------
Melee: War axe           |    66 |    69 |   435 |   482 ||  1052
       Headbutt          |    11 |     9 |    85 |   118 ||   223
Invok: Heal Self         |       |       |     3 |     1 ||     4
  Use: Scroll            |       |       |     5 |    12 ||    17
       Potion            |       |       |     4 |     6 ||    10
Armor: Scale mail        |    27 |    34 |   202 |   243 ||   506
Dodge: Dodged            |    26 |    26 |   222 |   260 ||   534
Block: Buckler           |    14 |    11 |   125 |   117 ||   267
       Tower shield      |       |       |       |    30 ||    30
